AoeStats
← ska_18

Nomad

505277299Analyzed
3v3 RM · 24d ago on Sep 8, 2026· 53m 54s· 6 players
Game mode
Random Map
Map size
210×210
Population
200
Speed
Normal
Resources
Standard
Victory
Conquest
Starting age
Dark Age
Ending age
Imperial Age
RankedLock teamsTeams togetherTeam positionsShared explorationLock speedFull tech treeHidden civsTurbo modeCheats
Victory
Defeat
🇦🇷 Spanish · Argentina
981
+16
🇦🇷 Bohemians · Argentina
975
+16
🇦🇷 Italians · Argentina
967
+17
🇫🇷 Huns · France
987
-17
🇩🇪 Italians · Germany
979
-16
🇦🇹 Saracens · Austria
979
-16
Wuhoz
4:50 Loom
5:03 Loom
14:02 Feudal Age
15:15 Double-Bit Axe
19:49 Castle Age
17:59 Stone Mining
18:00 Gold Mining
18:03 Fletching
18:14 Padded Archer Armor
21:51 Bodkin Arrow
22:12 Leather Archer Armor
23:46 Ballistics
23:27 Murder Holes
32:37 Horse Collar
37:10 Imperial Age
38:58 Chemistry
47:03 Thumb Ring
50:22 Bracer
Espoky6886
4:57 Loom
17:05 Feudal Age
19:35 Horse Collar
22:22 Forging
27:44 Castle Age
28:39 Double-Bit Axe
29:21 Heavy Plow
30:52 Pikeman
34:50 Husbandry
35:01 Bloodlines
37:39 Bow Saw
39:59 Stone Mining
44:33 Imperial Age
41:43 Elite Skirmisher
42:50 Ballistics
42:27 Town Watch
44:46 Wheelbarrow
44:34 Padded Archer Armor
44:03 Light Cavalry
45:35 Scale Barding Armor
Tripa seca7691
5:42 Loom
16:49 Feudal Age
17:17 Double-Bit Axe
18:09 Fishing Lines
22:03 Castle Age
23:09 Bow Saw
27:27 Imperial Age
27:06 Wheelbarrow
30:44 Elite Hussite Wagon
32:46 Conscription
43:22 Wagenburg Tactics
43:18 Gillnets
46:23 Hand Cart
AdGloriam
14:24 Feudal Age
16:43 Double-Bit Axe
17:09 Loom
18:42 Fletching
22:46 Castle Age
24:04 Scale Barding Armor
24:09 Forging
26:52 Bloodlines
27:36 Chain Barding Armor
29:00 Iron Casting
29:08 Husbandry
30:52 Fishing Lines
40:42 Imperial Age
38:53 Wheelbarrow
40:44 Masonry
40:55 Ballistics
40:35 Bodkin Arrow
40:47 Cavalier
44:46 Blast Furnace
45:24 Elite Skirmisher
46:14 Bracer
46:15 Padded Archer Armor
52:36 Plate Barding Armor
Kristof
3:31 Loom
15:34 Feudal Age
21:04 Castle Age
19:41 Double-Bit Axe
19:38 Horse Collar
19:53 Gold Mining
20:54 Stone Mining
20:52 Fishing Lines
23:14 Town Watch
25:33 Wheelbarrow
26:22 Heavy Plow
26:19 Fletching
30:03 Bow Saw
30:30 Bodkin Arrow
30:37 Padded Archer Armor
32:21 Medium Warships
35:49 Imperial Age
35:42 Forging
35:48 Leather Archer Armor
35:33 Scale Mail Armor
39:08 Iron Casting
41:01 Blast Furnace
40:17 Chain Mail Armor
42:29 Hand Cart
42:27 Bracer
49:01 Ring Archer Armor
49:01 Plate Mail Armor
49:08 Elite Skirmisher
49:54 Thumb Ring
ska_18
3:42 Loom
15:44 Feudal Age
22:18 Castle Age
21:18 Double-Bit Axe
21:15 Horse Collar
22:11 Town Watch
24:55 Wheelbarrow
Connection lost

Rejoining the realm…

Still unreachable

The connection could not be restored.

Session expired

The server has moved on; the page needs a fresh start.